 Dungeon Crawl Stone Soup version 0.30-a0-916-g98134172ad (webtiles) character file.

Game seed: 1949395132576719055

67 RepoMan the Cudgeller (level 4, 0/40 HPs)
             Began as a Meteoran Berserker on Mar 20, 2023.
             Was a Follower of Trog.
             Frozen to death by an endoplasm (2 damage)
             ... on level 2 of the Dungeon.
             The game lasted 00:05:13 (459 turns).

RepoMan the Cudgeller (Meteoran Berserker)           Turns: 459, Time: 00:05:14

Health: 0/40       AC:  3    Str: 21    XL:     4   Next: 67%
Magic:  5/5        EV: 12    Int:  8    God:    Trog [*.....]
Gold:   16         SH:  0    Dex: 13    Spells: 3/3 levels left

rFire   . . .      SeeInvis .    a - +0 mace
rCold   . . .      Faith    .    (no shield)
rNeg    . . .      Spirit   .    k - +0 leather armour
rPois   .          Reflect  .    (no helmet)
rElec   .          Rampage  .    (no cloak)
rCorr   .                        (no gloves)
Will    .....                    (no boots)
Stlth   +                        (no amulet)
HPRegen 0.26/turn                (no ring)
MPRegen 0.09/turn                (no ring)

@: on berserk cooldown, slowed, glowing, very slow
A: sense surroundings 1, otherworldly, glowing, explore regen
a: Renounce Religion, Berserk


You were on level 2 of the Dungeon.
You worshipped Trog.
Trog was aware of your devotion.
You visited 1 branch of the dungeon, and saw 3 of its levels.

You collected 16 gold pieces.

Inventory:

Hand Weapons
 a - a +0 mace (weapon)
Missiles
 h - 3 poisoned darts (quivered)
Armour
 b - a +0 animal skin
 k - a +0 leather armour (worn)
 l - a +0 ring mail
Scrolls
 c - a scroll of poison {unknown}
 d - a scroll of noise {unknown}
 e - a scroll of fog {unknown}
 f - a scroll of enchant weapon {unknown}
 g - a scroll of identify {unknown}
Potions
 i - a potion of curing {unknown}
 j - a potion of heal wounds {unknown}
 m - a potion of attraction {unknown}


   Skills:
 + Level 4.1 Fighting
 * Level 5.8 Maces & Flails
 - Level 2.4 Armour
 - Level 2.4 Dodging


You had 3 spell levels left.
You didn't know any spells.
Your spell library was empty.

Dungeon Overview and Level Annotations

Branches:
Dungeon (3/15) Zot: 1320

Altars:


Innate Abilities, Weirdness & Mutations

You passively map a small area around you.
You are easily found by Zot.
You glow in the dark.
You regain HP and MP as you explore.


Message History

* * * LOW HITPOINT WARNING * * *
The gnoll closely misses you.
Unknown command.
Press: ? - help, v - describe, . - travel, g - get item
Here: a gnoll, wielding a +0 flail (severely wounded) Item here: 11 gold pieces.
The floor, spattered with blood.
There are monsters nearby!
Unknown command.
Unknown command.
You are unable to berserk.
You are slowed.
You are glowing.
Your movement speed is very slow.
Your attack delay is about 1.6.
Your damage rating with your +0 mace is about 12 (Base 8 x 127% (Str) x 118% (Skill)).
Unknown command.
Unknown command.
Press: ? - help, v - describe, . - travel, g - get item
Here: a gnoll, wielding a +0 flail (severely wounded) Item here: 11 gold pieces.
The floor, spattered with blood.
Press: ? - help, v - describe, . - travel, g - get item
Here: an endoplasm
Items here: )) ††.
The floor.
Unknown command.
Okay, then.
Unknown command.
Unknown command.
Unknown command.
You hit the gnoll.
You kill the gnoll!
Trog accepts your kill. The endoplasm freezes you.
You are frozen.
* * * LOW HITPOINT WARNING * * *
The endoplasm misses you.
You hit the endoplasm.
The endoplasm is lightly wounded.
The endoplasm freezes you.
You are frozen.
You die...

., # #.....# ,
....#.###.....# ,
........†.....# *
...#..###.....###
.... #.........#
...# #.........#
.. #.........# #
* #.........# *
#...@.....#
*#...J)#####
*#.....# *
*#.....# , ,
*#...... * ** *
#....... , ,
#....... , ,
#........ , ,


You could see an endoplasm.

Vanquished Creatures
  An adder (D:2)
  3 gnolls (D:2)
  2 dart slugs (D:1)
  A ball python (D:1)
  A giant cockroach (D:2)
  A goblin (D:1)
  6 jackals
  2 kobolds (D:2)
  3 bats (D:1)
  A frilled lizard (D:2)
  6 rats (D:1)
27 creatures vanquished.

Notes
Turn   | Place    | Note
-------+----------+-------------------------------------------
     0 | D:1      | RepoMan the Meteoran Berserker began the quest for the Orb.
     0 | D:1      | Reached XP level 1. HP: 19/19 MP: 2/2
    67 | D:1      | Reached XP level 2. HP: 13/26 MP: 3/3
   283 | D:1      | Reached XP level 3. HP: 30/31 MP: 4/4
   367 | D:2      | Reached skill level 5 in Maces & Flails
   447 | D:2      | Reached XP level 4. HP: 40/40 MP: 5/5
   458 | D:2      | HP: 2/40 [frozen (5)]
   459 | D:2      | Frozen to death by an endoplasm

Illustrated notes

Levels and vault maps discovered:
D:1:      spicycebolla_arrival_xxxplode, layout_basic
D:2:      layout_basic, basic_altar, kennysheep_decorative_pillar,
          kennysheep_generic_room_11
D:3:      layout_basic, minitemple, uniq_sigmund, uniq_crazy_yiuf_cottage,
          uniq_jessica

Skill      XL: |  1  2  3  4 |
---------------+-------------+-----
Maces & Flails | 5 |  5.8
Fighting       | 4 |  4.1
Armour         | |  2.4
Dodging        | |  2.4

Action                     |  1- 3 |  4- 6 || total
---------------------------+-------+-------++-------
  Melee: Mace              |    77 |    13 ||    90
         Punch             |     1 |       ||     1
 Invoke: Berserk           |     2 |       ||     2
 Armour: Animal skin       |    18 |       ||    18
         Leather armour    |    11 |       ||    11
  Dodge: Dodged            |    57 |     5 ||    62

Table legend: (Time is in decaauts)
 A = Elapsed time spent in this place.
 B = Non-inter-level travel time spent in this place.
 C = Inter-level travel time spent in this place.
 D = Time resting spent in this place.
 E = Time spent auto-exploring this place.
 F = Levels seen in this place.
 G = Mean time per level.
                   A        B        C        D        E       F      G
               +--------+--------+--------+--------+--------+-----+--------+
         Total |    477 |    477 |      0 |      0 |      0 |   3 |  159.0 |
       Dungeon |    477 |    477 |      0 |      0 |      0 |   3 |  159.0 |
               +--------+--------+--------+--------+--------+-----+--------+

Top non-repeatable levels by time:
     D:1: 337 daAuts
     D:2: 129 daAuts
     D:3: 11 daAuts
